 Dungeon Crawl Stone Soup version 0.29-a0-887-gcbe080d7e0 (webtiles) character file.

Game seed: 3836231483161574138

6521 BeingJoeMalik the Cleaver (level 11, -12/64 HPs)
             Began as a Tengu Gladiator on July 21, 2022.
             Was a High Priest of Okawaru.
             Mangled by a two-headed ogre
             ... wielding a +0 giant spiked club
              (14 damage)
             ... on level 9 of the Dungeon.
             The game lasted 00:21:06 (8769 turns).

BeingJoeMalik the Cleaver (Tengu Gladiator)         Turns: 8769, Time: 00:21:07

Health: -12/64     AC:  6    Str: 16    XL:     11   Next: 0%
Magic:  12/12      EV: 23    Int: 10    God:    Okawaru [*****.]
Gold:   394        SH:  9    Dex: 19    Spells: 10/10 levels left

rFire   . . .      SeeInvis .   l - +8 war axe of Triumph {vorpal, rC+ Str+2}
rCold   + . .      Faith    .   w - +3 buckler
rNeg    + . .      Spirit   .   b - +0 leather armour
rPois   .          Reflect  .   q - +1 hat
rElec   .          Harm     .   u - +0 cloak
rCorr   .          Rampage  .   j - +0 pair of gloves
Will    .....                   (boots unavailable)
Stlth   +.........              g - amulet of the acrobat
HPRegen 0.20/turn               n - ring of positive energy
MPRegen 0.13/turn               s - ring of the Hare {EV+8}

@: flying quickly and evasively, quick
A: beak, talons 3, nimble flight
a: Renounce Religion, Heroism, Finesse, Duel


You were on level 9 of the Dungeon.
You worshipped Okawaru.
Okawaru was extremely pleased with you.
You visited 2 branches of the dungeon, and saw 10 of its levels.

You collected 614 gold pieces.
You spent 220 gold pieces at shops.

Inventory:

Hand Weapons
 a - a +1 flail
 f - a +3 whip of venom
 l - the +8 war axe of Triumph (weapon) {vorpal, rC+ Str+2}
   (You found it on level 2 of the Dungeon)

   It inflicts extra damage upon your enemies.
   Str:       It affects your strength (+2).
   rC:        It protects you from cold.
Missiles
 d - 3 throwing nets
 e - 5 javelins (quivered)
 F - 37 poisoned darts
Armour
 b - a +0 leather armour (worn)
 j - a +0 pair of gloves (worn)
 q - a +1 hat (worn)
 u - a +0 cloak (worn)
 w - a +3 buckler (worn)
 I - a +2 robe of fire resistance
Jewellery
 g - an amulet of the acrobat (around neck)
 k - a ring of wizardry
 n - a ring of positive energy (left hand)
 s - the ring of the Hare (right hand) {EV+8}
   (You found it on level 2 of the Dungeon)

   [ring of evasion]

   EV:        It affects your evasion (+8).
Wands
 y - a wand of roots (22)
Scrolls
 i - 2 scrolls of summoning
 o - a scroll of fear
 r - 2 scrolls of enchant weapon
 z - 2 scrolls of identify
 D - 3 scrolls of teleportation
 H - 2 scrolls of amnesia
Potions
 c - a potion of haste
 h - a potion of heal wounds
 m - 3 potions of curing
 p - 2 potions of resistance
 t - 3 potions of lignification
 v - 2 potions of mutation
 x - a potion of ambrosia
 A - a potion of invisibility
 B - a potion of brilliance
 C - 2 potions of magic
 E - a potion of might
 G - a potion of attraction


   Skills:
 + Level 5.2 Fighting
 + Level 14.2(14.5) Axes
 - Level 4.9(10.5) Maces & Flails
 - Level 2.0 Throwing
 - Level 3.2 Dodging
 * Level 7.4 Shields


You had 10 spell levels left.
You didn't know any spells.
Your spell library contained the following spells:

 Spells                   Type           Power      Damage    Failure   Level
 Beastly Appendage        Tmut           0%         N/A       52%         1
 Magic Dart               Conj           0%         1d3       52%         1
 Sandblast                Erth           0%         2d4       52%         1
 Blink                    Tloc           0%         N/A       65%         2
 Passwall                 Tmut/Erth      0%         N/A       65%         2
 Static Discharge         Conj/Air       0%         3-3/arc   65%         2
 Dazzling Flash           Conj/Hex       0%         N/A       87%         3
 Lesser Beckoning         Tloc           0%         N/A       87%         3
 Mephitic Cloud           Conj/Pois/Air  0%         N/A       87%         3
 Spider Form              Tmut/Pois      0%         N/A       87%         3
 Stone Arrow              Conj/Erth      0%         3d7       87%         3
 Dispel Undead            Necr           0%         3d6       99%         4
 Iskenderun's Mystic Bla  Conj/Tloc      0%         2d3       99%         4
 Sticky Flame             Conj/Fire      0%         2d3       99%         4
 Manifold Assault         Tloc           0%         N/A       100%        5
 Starburst                Conj/Fire      0%         6d3       100%        6
 Summon Small Mammal      Summ           Unusable   N/A       N/A         1
 Call Imp                 Summ           Unusable   N/A       N/A         2
 Call Canine Familiar     Summ           Unusable   N/A       N/A         3

Dungeon Overview and Level Annotations

Branches:
Dungeon (9/15)             Temple (1/1) D:4            Lair (0/5) D:8
    Orc: D:9-12

Altars:
Ashenzari
Cheibriados
Gozag
Hepliaklqana
Kikubaaqudgha
Makhleb
Okawaru
Qazlal
Ru
Sif Muna
Trog
Uskayaw
Vehumet
Wu Jian
Xom
Yredelemnul
Zin

Shops:
D:1 *   D:5 [

Annotations:
D:8 exclusions: ice statue and 2 oklob saplings
D:9 Erolcha


Innate Abilities, Weirdness & Mutations

You have a beak for a mouth.
You have claws for feet.
Your magical nature lets you fly swiftly and evasively.


Message History

The killer bee barely misses you. The killer bee misses you.
You hit the killer bee but do no damage.
Your kick misses the killer bee.
You peck the killer bee, but do no damage.
The killer bee is severely wounded.
The killer bee barely misses you.
You hit the killer bee.
You kill the killer bee!
Okawaru accepts your kill.
You see here a killer bee corpse.
Found 7 gold pieces.
You see here a +2 robe of fire resistance.
I - a +2 robe of fire resistance HP restored.
Erolcha is nearby!
Erolcha shouts!
You hear two shouts!
Unknown command.
Erolcha gestures wildly while chanting.
Erolcha flickers and vanishes!
Deactivating autopickup; reactivate with Ctrl-A.
Something misses you. Something hits you!
You hit the two-headed ogre.
You peck the two-headed ogre, but do no damage.
The two-headed ogre is lightly wounded.
You hit something. The two-headed ogre misses you.
The two-headed ogre hits you with a +0 giant club!!
You barely miss the two-headed ogre. You claw the two-headed ogre.
Your peck misses the two-headed ogre.
The two-headed ogre is lightly wounded.
You hit something. Something hits you!!
* * * LOW HITPOINT WARNING * * *
Unknown command.
You slash the two-headed ogre!
You claw the two-headed ogre, but do no damage.
You peck the two-headed ogre, but do no damage.
The two-headed ogre is heavily wounded.
You slash something!
The two-headed ogre hits you with a +0 giant spiked club!
You die...

#.......#..............##
#...........†...........##
)..#........†.............
#.#.........†............#
####......................
####............}....$....
................^.........
###.#.........##.{#.......
# ###.....#...#.@.#.......
## ###..###..##O.........
.## .... .........##....
..#####.... ..............
....#....... ......##.....
....#............... ...
............#.....##....
.......................
............. ......


You could see a two-headed ogre.

Vanquished Creatures
  A two-headed ogre (D:8)
  A cyclops (D:7)
  5 yaks (D:8)
  A wyvern (D:8)
  2 steam dragons
  Menkaure (D:7)
  3 water moccasins
  An orc warrior (D:9)
  3 black bears
  2 ice beasts
  5 ogres
  2 centaurs
  A phantom (D:5)
  3 kobold brigands (D:8)
  5 bullfrogs
  A necrophage (D:7)
  A gnoll sergeant (D:7)
  7 scorpions
  4 wights
  10 killer bees
  4 howler monkeys
  A crimson imp (D:7)
  4 hounds
  A jelly (D:8)
  An orc priest (D:9)
  A gnoll bouda (D:4)
  4 iguanas
  Crazy Yiuf (D:7)
  4 orc wizards
  A centaur simulacrum (D:7)
  10 gnolls
  21 adders
  2 shadow imps (D:6)
  A white imp (D:7)
  3 worms
  7 dart slugs
  26 orcs
  3 bats
  2 endoplasms
  5 giant cockroaches
  4 goblins
  4 hobgoblins
  6 jackals (D:2)
  6 quokkas
  13 ball pythons
  2 frilled lizards
  18 kobolds
  3 rats
  A bush (D:8)
218 creatures vanquished.

Vanquished Creatures (others)
  5 plants (D:8)
5 creatures vanquished.

Grand Total: 223 creatures vanquished

Notes
Turn   | Place    | Note
-------+----------+-------------------------------------------
     0 | D:1      | BeingJoeMalik the Tengu Gladiator began the quest for the
                  | Orb.
     0 | D:1      | Reached XP level 1. HP: 12/12 MP: 2/2
     3 | D:1      | Found Veekui's General Store.
   145 | D:1      | Reached XP level 2. HP: 13/17 MP: 3/3
   313 | D:1      | Found a faded altar of an unknown god.
   489 | D:1      | Reached XP level 3. HP: 21/21 MP: 4/4
   765 | D:1      | Bought a potion of heal wounds for 50 gold pieces
   860 | D:2      | Identified the +8 war axe of Triumph {vorpal, rC+ Str+2}
  1116 | D:2      | Reached skill level 1 in Axes
  1232 | D:2      | Reached XP level 4. HP: 19/26 MP: 5/5
  1354 | D:2      | Reached skill level 2 in Axes
  1420 | D:2      | Found the ring of the Hare {EV+8}
  1910 | D:3      | Reached skill level 3 in Axes
  1934 | D:3      | Gained mutation: Your magical nature lets you fly swiftly
                  | and evasively. [Tengu growth]
  1934 | D:3      | Reached XP level 5. HP: 30/30 MP: 6/6
  1975 | D:3      | Found a shimmering blue altar of Sif Muna.
  2234 | D:4      | Reached skill level 4 in Axes
  2321 | D:1      | Bought a potion of brilliance for 40 gold pieces
  2321 | D:1      | Bought a potion of magic for 80 gold pieces
  2321 | D:1      | Bought a scroll of teleportation for 30 gold pieces
  2321 | D:1      | Bought a scroll of identify for 20 gold pieces
  2382 | D:4      | Noticed an ogre
  2697 | D:4      | Found a staircase to the Ecumenical Temple.
  2738 | Temple   | Entered the Ecumenical Temple
  2869 | D:4      | Killed an ogre
  2870 | D:4      | Reached skill level 5 in Axes
  2870 | D:4      | Reached XP level 6. HP: 35/35 MP: 7/7
  2906 | D:4      | Noticed a black bear
  2915 | D:4      | Killed a black bear
  2916 | D:4      | Reached skill level 6 in Axes
  3037 | D:4      | Found an opulent altar of Gozag.
  3091 | D:4      | Found an iron altar of Okawaru.
  3096 | D:4      | Became a worshipper of Warmaster Okawaru
  3134 | D:4      | Reached XP level 7. HP: 37/40 MP: 8/8
  3342 | D:5      | Entered Level 5 of the Dungeon
  3393 | D:5      | Reached skill level 1 in Shields
  3394 | D:5      | Reached skill level 7 in Axes
  3477 | D:5      | Found a radiant altar of Vehumet.
  3647 | D:5      | Reached * piety under Okawaru
  3741 | D:5      | Reached skill level 8 in Axes
  3875 | D:5      | Found Bieguorph's Armour Shop.
  3899 | D:5      | Reached XP level 8. HP: 44/44 MP: 9/9
  4012 | D:5      | Reached skill level 9 in Axes
  4199 | D:5      | Reached ** piety under Okawaru
  4460 | D:5      | Reached skill level 10 in Axes
  4545 | D:5      | Found a stormy altar of Qazlal.
  4546 | D:5      | Found an ancient bone altar of Kikubaaqudgha.
  4878 | D:6      | Reached XP level 9. HP: 39/48 MP: 10/10
  4881 | D:6      | Reached skill level 11 in Axes
  4967 | D:6      | Reached *** piety under Okawaru
  5026 | D:6      | Found a radiant altar of Vehumet.
  5210 | D:6      | Found a hazy altar of Hepliaklqana.
  5253 | D:6      | Found a hide-covered altar of Uskayaw.
  5556 | D:7      | Found a runed translucent door.
  5557 | D:7      | Noticed Crazy Yiuf
  5603 | D:7      | Found an ornate altar of the Wu Jian Council.
  5773 | D:7      | Found a snail-covered altar of Cheibriados.
  5802 | D:7      | Noticed Menkaure
  5817 | D:7      | Killed Menkaure
  5821 | D:7      | Reached skill level 12 in Axes
  6064 | D:7      | Found a bloodstained altar of Trog.
  6266 | D:7      | Found a burning altar of Makhleb.
  6266 | D:7      | Found a shimmering altar of Xom.
  6323 | D:7      | Reached **** piety under Okawaru
  6354 | D:7      | Reached skill level 5 in Shields
  6603 | D:7      | Found a basalt altar of Yredelemnul.
  6651 | D:7      | Noticed a cyclops
  6661 | D:7      | Killed a cyclops
  6662 | D:7      | Reached XP level 10. HP: 56/56 MP: 11/11
  6895 | D:7      | Killed Crazy Yiuf
  7018 | D:8      | Reached ***** piety under Okawaru
  7019 | D:8      | Reached skill level 13 in Axes
  7159 | D:8      | Found a broken altar of Ashenzari.
  7343 | D:8      | Got Duddieba's Omnibus of Nature
  7416 | D:8      | Noticed a two-headed ogre
  7425 | D:8      | Killed a two-headed ogre
  7542 | D:8      | Noticed an ice statue
  7661 | D:8      | Found a staircase to the Lair.
  7910 | D:8      | Found a glowing silver altar of Zin.
  8316 | D:9      | Noticed a two-headed ogre
  8493 | D:9      | Noticed a six-headed hydra
  8493 | D:9      | Found the +10 zealot's sword {holy, *Rage rN+ EV+3}
  8496 | D:9      | Noticed a black mamba
  8497 | D:9      | Reached skill level 14 in Axes
  8499 | D:9      | Noticed a salamander
  8500 | D:9      | Reached skill level 5 in Fighting
  8502 | D:9      | Noticed a white ugly thing
  8503 | D:9      | Identified the +7 mace of Afuur {flame, rPois Dex+4 SInv}
  8503 | D:9      | Noticed a white ugly thing
  8504 | D:9      | Noticed a boulder beetle
  8504 | D:9      | a black mamba changed into a hog
  8515 | D:9      | Found a sacrificial altar of Ru.
  8584 | D:9      | Noticed Erolcha
  8642 | D:9      | Noticed a death drake
  8668 | D:9      | Reached XP level 11. HP: 45/64 MP: 12/12
  8768 | D:9      | HP: 2/64 [something (24)]
  8769 | D:9      | Mangled by a two-headed ogre

Illustrated notes

Levels and vault maps discovered:
D:1:      scummos_arrival_simple_fountains, layout_rooms, serial_shops,
          nicolae_diamond_shop, shapermc_ecumenical_altar_venn
D:2:      layout_loops_ring
D:3:      layout_rooms, mainiacjoe_overflow_six_doors_small, dk_noncrumbling_4
D:4:      layout_basic, grunt_gozag_breadcrumbs, kennysheep_little_box,
          minmay_temple_entry_glassed_door, minmay_door_square
D:5:      layout_layer_cave, nicolae_overflow_two_pavilions, serial_shops,
          nicolae_shop_stone, minmay_ruined_shrine
D:6:      layout_layer_cave, kennysheep_mini_moat, nicolae_uskayaw_dance_hall,
          kennysheep_mini, hangedman_decor_opposing, st_stairs_9,
          minmay_misc_feat_doors, item_on_display_a
D:7:      layout_loops_corners, grunt_temple_overflow_champion_of_chaos,
          mainiacjoe_overflow_boulevard, cheibriados_altar_1,
          trog_three_pillars_becter, marbit_many_paths, minmay_three_doors,
          uniq_menkaure, uniq_crazy_yiuf_cottage
D:8:      lemuel_ice_statue, layout_rooms, general_overflow_altar,
          mainiacjoe_overflow_alcove_4, lair_entry_dummy,
          introduction_to_nature_2
D:9:      layout_cave_pools, mainiacjoe_overflow_catwalk, minivault_12,
          uniq_erolcha, uniq_pikel
Temple:   ebering_the_none_and_only

Skill      XL: |  1  2  3  4  5  6  7  8  9 10 |
---------------+-------------------------------+-----
Maces & Flails | 4 |  4.9
Axes           | 1 3 5 6 8 10 12 14 | 14.2
Shields        | 2 3 5 7 |  7.4
Fighting       | 3 5 |  5.2
Throwing       | |  2.0
Dodging        | |  3.2

Action                   |  1- 3 |  4- 6 |  7- 9 | 10-12 || total
-------------------------+-------+-------+-------+-------++-------
Melee: Flail             |    40 |       |       |       ||    40
       Kick              |     9 |    14 |    32 |    43 ||    98
       Peck              |     8 |    13 |    26 |    26 ||    73
       War axe           |    11 |    82 |   149 |   143 ||   385
Throw: Throwing net      |     3 |       |       |       ||     3
       Javelin           |       |    13 |     9 |     2 ||    24
Evoke: Wand              |       |       |       |     1 ||     1
  Use: Potion            |     1 |       |     2 |       ||     3
       Scroll            |       |    12 |     4 |     1 ||    17
 Stab: Sleeping          |     2 |     2 |     1 |       ||     5
Armor: Leather armour    |    11 |     3 |    11 |    14 ||    39
       Skin              |       |       |     6 |       ||     6
Dodge: Dodged            |    43 |    76 |    98 |   108 ||   325
Block: Buckler           |       |       |    40 |    54 ||    94

Table legend: (Time is in decaauts)
 A = Elapsed time spent in this place.
 B = Non-inter-level travel time spent in this place.
 C = Inter-level travel time spent in this place.
 D = Time resting spent in this place.
 E = Time spent auto-exploring this place.
 F = Levels seen in this place.
 G = Mean time per level.
                   A        B        C        D        E       F      G
               +--------+--------+--------+--------+--------+-----+--------+
         Total |   8336 |   7830 |    506 |   1467 |   5104 |  10 |  833.6 |
       Dungeon |   8335 |   7829 |    506 |   1467 |   5104 |   9 |  926.1 |
        Temple |      1 |      1 |      0 |      0 |      0 |   1 |    1.0 |
               +--------+--------+--------+--------+--------+-----+--------+

Top non-repeatable levels by time:
     D:7: 1500 daAuts
     D:5: 1316 daAuts
     D:8: 1213 daAuts
     D:2: 1051 daAuts
     D:4: 873 daAuts
     D:1: 800 daAuts
     D:6: 659 daAuts
     D:3: 588 daAuts
     D:9: 331 daAuts
  Temple: 1 daAuts
